 Dungeon Crawl Stone Soup version 0.29.0-15-g675c0067aa (webtiles) character file.

Game seed: 1482511750759307868

137 Acheron the Conjurer (level 5, -2/46 (48) HPs)
             Began as a Troll Conjurer on Sept 11, 2022.
             Slain by a wight
             ... wielding a +5 scimitar of freezing
              (3 damage)
             ... on level 4 of the Dungeon.
             The game lasted 00:08:01 (1491 turns).

Acheron the Conjurer (Troll Conjurer)               Turns: 1491, Time: 00:08:03

HP:   -2/46 (48)    AC:  4    Str: 15    XL:     5   Next: 0%
MP:   6/6           EV: 10    Int: 20    God:
Gold: 122           SH:  0    Dex: 10    Spells: 4/7 levels left

rFire   . . .      SeeInvis .     - Unarmed
rCold   . . .      Faith    .   (no shield)
rNeg    . . .      Spirit   .   a - +0 robe
rPois   .          Reflect  .   (helmet restricted)
rElec   .          Harm     .   (no cloak)
rCorr   .          Rampage  .   (gloves unavailable)
Will    .....                   (boots unavailable)
Stlth   +.........              (no amulet)
HPRegen 0.95/turn               l - +6 ring of intelligence
MPRegen 0.10/turn               (no ring)

@: mighty, lightly drained
A: large, unfitting armour, claws 3, regeneration 1, shaggy fur 1, tough skin 1
a: no special abilities


You were on level 4 of the Dungeon.
You visited 1 branch of the dungeon, and saw 4 of its levels.

You collected 122 gold pieces.

Inventory:

Hand Weapons
 m - a +1 spectral hand axe
 o - the +4 scimitar of the Heavens {speed, Fragile +Blink Int+4}
   (You found it on level 3 of the Dungeon)

   Attacks with this weapon are significantly faster.
   Int:       It affects your intelligence (+4).
   +Blink:    It lets you blink.
   Fragile:   It will be destroyed if unequipped.
Missiles
 e - 5 large rocks (quivered)
Armour
 a - a +0 robe (worn)
Jewellery
 l - a +6 ring of intelligence (left claw)
Scrolls
 i - a scroll of fear {unknown}
Potions
 b - a potion of magic
 c - a potion of mutation
 d - a potion of haste
 f - a potion of brilliance {unknown}
 g - 2 potions of might
 h - 3 potions of curing
 j - a potion of cancellation {unknown}
 n - 2 potions of resistance


   Skills:
 * Level 1.1 Fighting
 * Level 0.6 Throwing
 * Level 1.9 Dodging
 + Level 1.1 Stealth
 * Level 2.3 Unarmed Combat
 * Level 1.5 Spellcasting
 * Level 3.5 Conjurations


You had 4 spell levels left.
You knew the following spells:

 Your Spells              Type           Power      Damage    Failure   Level
a - Magic Dart            Conj           60%        1d6       3%          1
b - Searing Ray           Conj           30%        2d5       6%          2

Your spell library contained the following spells:

 Spells                   Type           Power      Damage    Failure   Level
 Dazzling Flash           Conj/Hex       16%        N/A       24%         3
 Call Canine Familiar     Summ           1%         N/A       45%         3
 Portal Projectile        Hex/Tloc       2%         N/A       45%         3
 Tukima's Dance           Hex            1%         N/A       45%         3
 Fulminant Prism          Conj/Hex       4%         3d6       63%         4
 Iskenderun's Mystic Bla  Conj/Tloc      8%         2d4       63%         4
 Leda's Liquefaction      Hex/Erth       0%         N/A       86%         4
 Blade Hands              Tmut           0%         N/A       99%         5


Dungeon Overview and Level Annotations

Branches:
Dungeon (4/15)
 Temple: D:4-7

Altars:
Ashenzari
Wu Jian


Innate Abilities, Weirdness & Mutations

You are too large for most types of armour.
You have claws for hands.
Your natural rate of healing is unusually fast.
You are covered in fur. (AC +1)
You have tough skin. (AC +1)


Message History

HP restored.
Magic restored.
Found a pair of gloves.
Found a chain mail.
f - a cyan potion
i - a scroll labelled KIM CATURAO You see here the +6 chain mail "Fooz" {rElec rC+ Stlth+}.
j - a glowing clear potion 3 wights come into view.
A wight is wielding a +5 scimitar of freezing.
The wight attacks as you move away! The wight hits you with a +0 scimitar!
You feel drained.
Sorry, you're not good enough to have a special ability.
You feel very mighty all of a sudden. The wight barely misses you.
You scratch the wight.
The wight is moderately damaged.
The wight hits you with a +0 scimitar.
You claw the wight!
The wight is severely damaged.
The wight hits you with a +0 scimitar!
You scratch the wight.
You destroy the wight!
Your life force feels restored.
Your Unarmed Combat skill increases to level 2!
You have reached level 5!
You claw the wight!
The wight is heavily damaged.
The wight hits you with a +5 scimitar of freezing!
* * * LOW HITPOINT WARNING * * *
The wight freezes you.
* * * LOW HITPOINT WARNING * * *
You barely miss the wight.
The wight is heavily damaged.
The wight hits you with a +5 scimitar of freezing!
* * * LOW HITPOINT WARNING * * *
You feel drained.
* * * LOW HITPOINT WARNING * * *
The wight freezes you.
You die...

#..#..#..# ....#
#...#.....#####....#
#....##..#).##[#....##
.....#
###....#.#.....##
###...
#.##........#...# ....
.............#..#
....#..........###
....##............#
.... ##@##........##
... #z#.....##.... ..
#...#.......#.
##..##[##...#
##.#.......#
.....z.....#.#.##
....z.###..### #
...### #.[.. ..
.....!.


You could see a wight.

Vanquished Creatures
  A wight (D:4)
  3 adders
  A worm (D:2)
  2 dart slugs
  2 orcs (D:3)
  A ball python (D:3)
  3 bats
  10 endoplasms
  7 goblins
  2 hobgoblins
  2 jackals (D:1)
  4 kobolds
  A quokka (D:2)
  2 frilled lizards
  5 rats
46 creatures vanquished.

Notes
Turn   | Place    | Note
-------+----------+-------------------------------------------
     0 | D:1      | Acheron the Troll Conjurer began the quest for the Orb.
     0 | D:1      | Reached XP level 1. HP: 16/16 MP: 1/1
    25 | D:1      | Reached skill level 3 in Conjurations
   213 | D:2      | Reached XP level 2. HP: 24/24 MP: 2/2
   240 | D:1      | Learned a level 2 spell: Searing Ray
   332 | D:1      | Found a faded altar of an unknown god.
   516 | D:2      | Reached skill level 1 in Unarmed Combat
   516 | D:2      | Reached XP level 3. HP: 29/31 MP: 4/4
   733 | D:3      | Found an ornate altar of the Wu Jian Council.
  1036 | D:3      | Identified the +4 scimitar of the Heavens {speed, Fragile
                  | +Blink Int+4}
  1085 | D:3      | Reached XP level 4. HP: 40/40 MP: 5/5
  1369 | D:4      | Found a broken altar of Ashenzari.
  1413 | D:4      | Reached skill level 1 in Fighting
  1473 | D:4      | Identified the +6 chain mail "Fooz" {rElec rC+ Stlth+}
  1490 | D:4      | Reached XP level 5. HP: 23/48 MP: 6/6
  1491 | D:4      | HP: 2/48 [wight/+5 scimitar of freezing (9)]
  1491 | D:4      | Slain by a wight

Illustrated notes

Levels and vault maps discovered:
D:1:      dpeg_arrival_shelter, layout_basic, ebering_ecumenical_altar_webs,
          minmay_pentomino_r2
D:2:      layout_loops_cross, mrwooster_statue_mirror
D:3:      minmay_general_purpose_star, layout_basic,
          nicolae_wu_jian_wuxing_cycle
D:4:      layout_cave_pools, mainiacjoe_overflow_paths, lemuel_crystal_altar

Skill      XL: |  1  2  3  4 |
---------------+-------------+-----
Conjurations   | 3 |  3.5
Unarmed Combat | 1 2 |  2.3
Fighting       | 1 |  1.1
Throwing       | |  0.6
Dodging        | |  1.9
Stealth        | |  1.1
Spellcasting   | |  1.5

Action                   |  1- 3 |  4- 6 || total
-------------------------+-------+-------++-------
Melee: Unarmed           |   129 |    11 ||   140
       Punch             |     1 |       ||     1
Throw: Large rock        |     2 |       ||     2
 Cast: Magic Dart        |    10 |    10 ||    20
  Use: Scroll            |    10 |     3 ||    13
       Potion            |       |     1 ||     1
 Stab: Sleeping          |     2 |       ||     2
Armor: Robe              |    37 |     1 ||    38
Dodge: Dodged            |    58 |     3 ||    61
